 Dungeon Crawl Stone Soup version 0.18.1-48-g4cf74bf (webtiles) character file.

167 LydiaK the Grave Robber (level 5, -5/38 HPs)
             Began as a Draconian Necromancer on Aug 6, 2016.
             Shot with an arrow by a centaur (14 damage)
             ... on level 4 of the Dungeon.
             The game lasted 00:23:00 (3226 turns).

LydiaK the Grave Robber (Draconian Necromancer)     Turns: 3226, Time: 00:23:01

Health: -5/38      AC:  5    Str: 11    XL:     5   Next: 23%
Magic:  8/10       EV: 12    Int: 15    God:
Gold:   247        SH:  0    Dex: 12    Spells: 1 memorised, 10 levels left

rFire  . . .     SeeInvis .     r - +0 flail
rCold  . . .     Gourm    .     (armour unavailable)
rNeg   . . .     Faith    .     (no shield)
rPois  .         Spirit   .     (helmet restricted)
rElec  .         Dismiss  .     (no cloak)
rCorr  .         Reflect  .     (no gloves)
SustAt .         Harm     .     (no boots)
MR     .....                    (no amulet)
Stlth  ++........               (no ring)
                                (no ring)

@: not resistant to hostile enchantments, unstealthy
A: unfitting armour, cold-blooded, AC +5
a: no special abilities


You were on level 4 of the Dungeon.
You were not hungry.

You visited 1 branch of the dungeon, and saw 4 of its levels.

You collected 247 gold pieces.

Inventory:

Hand Weapons
 f - a +0 hand axe
 g - a +0 short sword
 m - a +0 short sword
 o - a +0 hand axe
 p - a +0 scythe
 r - a +0 flail (weapon)
 D - a +0 spear
Missiles
 h - 183 stones (quivered)
 j - 32 arrows
 l - 23 poisoned needles
 x - 26 bolts
 C - 4 needles of sleeping
Armour
 q - a +0 pair of gloves
Jewellery
 s - an uncursed ring of poison resistance {unknown}
Scrolls
 d - a scroll of enchant weapon {unknown}
 i - 4 scrolls of noise {unknown}
 k - a scroll of remove curse {unknown}
 n - a scroll of blinking {unknown}
 w - 2 scrolls of magic mapping {unknown}
 y - a scroll of fear {unknown}
Potions
 c - a potion of flight {unknown}
 e - 3 potions of curing
 t - a potion of might
 z - a potion of heal wounds
Books
 a - a book of Necromancy

   Spells                             Type                      Level
   a - Pain                           Necromancy                   1
   b - Animate Skeleton               Necromancy                   1
   c - Vampiric Draining              Necromancy                   3
   d - Regeneration                   Charms/Necromancy            3
   e - Animate Dead                   Necromancy                   4
   f - Control Undead                 Necromancy                   4
Comestibles
 b - 2 bread rations
 u - a slice of pizza
 v - a beef jerky
 A - a meat ration


   Skills:
 + Level 0.2 Fighting
 + Level 0.2 Axes
 + Level 2.0 Dodging
 + Level 1.9 Stealth
 + Level 3.9 Spellcasting
 + Level 5.1 Necromancy


You had 10 spell levels left.
You knew the following spells:

 Your Spells              Type           Power        Failure   Level  Hunger
a - Pain                  Necr           ###.         1%          1    None


Dungeon Overview and Level Annotations

Branches:
Dungeon (4/15)
 Temple: D:4-7

Altars:
Kikubaaqudgha
Nemelex Xobeh
Pakellas


Innate Abilities, Weirdness & Mutations

Your plain brown scales are hard (AC +5).
Your body does not fit into most forms of armour.
You are cold-blooded and may be slowed by cold attacks.


Message History

The centaur wields a shortbow.
The centaur shoots an arrow.
The arrow hits you!
You see here an arrow.
Casting: Pain
Confirm with . or Enter, or press ? or * to list all spells.
Aiming: Pain
Press: ? - help, Shift-Dir - straight line, f - centaur
Aim: a centaur, wielding a shortbow (chance to defeat MR: 78%)
The centaur convulses in agony!
The centaur shoots an arrow.
The arrow hits you.
* * * LOW HITPOINT WARNING * * *
Casting: Pain
Confirm with . or Enter, or press ? or * to list all spells.
Aiming: Pain
Press: ? - help, Shift-Dir - straight line, f/p - centaur
Aim: a centaur, wielding a shortbow (lightly wounded, chance to defeat MR: 78%)
The centaur convulses in agony!
The centaur shoots an arrow.
The arrow closely misses you.
You hear a shout!
The centaur shoots an arrow.
The arrow hits you!
You die...

######.###.#.........
#.##..#...>.....
#.#..##.........
#.#.###.........
#....########.## ###....#
#.### #.##.#### ...#
##.#######.##....#####.##
.......(@................
##.####...#######...##.##
#.### ###.##.# ..c#
#....## .....# ###...#
....... #..... .......
#..... ....... #.....
#.....


You could see a centaur.

Vanquished Creatures
  A gnoll (D:2)
  9 adders
  3 worms
  2 dart slugs
  3 giant geckos
  4 orcs (D:3)
  10 bats
  5 giant cockroaches
  3 goblins
  2 hobgoblins (D:1)
  2 jackals (D:4)
  3 quokkas
  A ball python (D:2)
  3 giant newts (D:2)
  7 kobolds
  3 rats
61 creatures vanquished.

Notes
Turn   | Place    | Note
--------------------------------------------------------------
     0 | D:1      | LydiaK the Draconian Necromancer began the quest for the Orb.
     0 | D:1      | Reached XP level 1. HP: 14/14 MP: 3/3
   479 | D:1      | Reached XP level 2. HP: 20/20 MP: 3/5
  1466 | D:2      | Reached XP level 3. HP: 21/26 MP: 1/7
  1656 | D:2      | Reached XP level 4. HP: 21/33 MP: 1/8
  1703 | D:2      | Found an ancient bone altar of Kikubaaqudgha.
  1705 | D:2      | Found an oddly glowing altar of Pakellas.
  2497 | D:3      | Found a sparkling altar of Nemelex Xobeh.
  2706 | D:3      | Reached XP level 5. HP: 28/38 MP: 1/10
  2946 | D:4      | Reached skill level 5 in Necromancy
  3222 | D:4      | Noticed a centaur
  3226 | D:4      | Shot with an arrow by a centaur

Skill      XL: |  1  2  3  4  5 |
---------------+----------------+-----
Dodging        | 2 |  2.0
Spellcasting   | 3 |  3.9
Necromancy     | 5 |  5.1
Fighting       | |  0.2
Axes           | |  0.2
Stealth        | |  1.9

Action                   |  1- 3 |  4- 6 || total
-------------------------+-------+-------++-------
Melee: Unarmed           |    77 |       ||    77
       Tailslap          |    18 |     3 ||    21
       Hand axe          |    25 |     4 ||    29
       Flail             |       |    13 ||    13
 Cast: Pain              |    54 |    95 ||   149
  Use: Potion            |     3 |       ||     3
       Scroll            |     4 |     3 ||     7
  Eat: Meat ration       |     1 |       ||     1
       Bread ration      |       |     1 ||     1
Armor: Skin              |    12 |    15 ||    27
Dodge: Dodged            |    27 |    35 ||    62
